Kradschützen Motorcycle Team
Kradschützen Motorcycle Team
Construct Light Support Kompanie
Construct Mechanized Kompanie
Selects Italian Combined Arms Battlegroup
Selects Semovente da 75/18 Assault Gun
Selects Bersaglieri Squad
Selects Vehicle Support - Secure Location
Selects Vehicle Support - Force Recon
254 Reconnaissance Tractor
Marder III Tank Destroyer
Marder III Tank Destroyer
Panzerjäger Mechanized Group
Construct Panzerarmee Kommand